 Dungeon Crawl Stone Soup version 0.26-a0-737-g4e9f4955e2 (webtiles) character file.

Game seed: 17500649411099341520

4474 robertstho the Frost Mage (level 10, -1/74 HPs)
             Began as a Gnoll Ice Elementalist on Nov 4, 2020.
             Was a Believer of Sif Muna.
             Slain by a death yak (20 damage)
             ... on level 8 of the Dungeon.
             The game lasted 00:15:41 (8919 turns).

robertstho the Frost Mage (Gnoll Ice Elementalist)  Turns: 8919, Time: 00:15:42

Health: -1/74      AC:  8    Str: 11    XL:     10   Next: 38%
Magic:  6/21       EV: 17    Int: 27    God:    Sif Muna [**....]
Gold:   603        SH:  0    Dex: 19    Spells: 8/23 levels left

rFire    + + .     SeeInvis .   k - +1 dagger (drain)
rCold    . . .     Faith    .   (no shield)
rNeg     . . .     Spirit   .   P - +0 robe of Cuix Xiru {+Inv rF++ rCorr Dex-2} (curse)
rPois    .         Reflect  .   s - +2 hat
rElec    .         Harm     .   e - +0 cloak
rCorr    +         Rampage  .   Q - +0 pair of gloves
MR       .....                  L - +0 pair of boots
Stlth    ++++......             (no amulet)
HPRegen  0.22/turn              A - +6 ring of dexterity
MPRegen  0.17/turn              m - +6 ring of intelligence

@: frozen ramparts
A: distributed training, fangs 1, strong nose
a: Channel Magic, Renounce Religion, Evoke Invisibility


You were on level 8 of the Dungeon.
You worshipped Sif Muna.
Sif Muna was pleased with you.
You visited 1 branch of the dungeon, and saw 8 of its levels.
You also visited: Ossuary.

You collected 603 gold pieces.

Inventory:

Hand Weapons
 k - a +1 dagger of draining (weapon)
Armour
 e - a +0 cloak (worn)
 s - a +2 hat (worn)
 u - a cursed +0 kite shield
 D - a +1 leather armour of poison resistance
 L - a +0 pair of boots (worn)
 P - the cursed +0 robe of Cuix Xiru (worn) {+Inv rF++ rCorr Dex-2}
   (You found it on level 7 of the Dungeon)

   It affects your dexterity (-2).
   It greatly protects you from fire.
   It lets you turn invisible.
   It provides partial protection from all sources of acid and corrosion.
   It has a curse placed upon it.
 Q - a +0 pair of gloves (worn)
Magical Staves
 H - an uncursed staff of fire
Jewellery
 a - an uncursed ring of protection from magic {unknown}
 d - an uncursed ring of positive energy
 m - a +6 ring of intelligence (right hand)
 r - a +6 ring of strength
 v - an uncursed ring of see invisible
 x - an uncursed ring of resist corrosion {unknown}
 y - an uncursed ring of ice {unknown}
 A - a +6 ring of dexterity (left hand)
Wands
 p - a wand of polymorph (10)
 q - a wand of disintegration (9)
 G - a wand of acid (6)
 N - a wand of flame (39)
 S - a wand of random effects (12)
Scrolls
 b - 6 scrolls of teleportation
 c - a scroll of immolation
 f - 4 scrolls of magic mapping
 i - a scroll of identify
 j - 7 scrolls of remove curse
 l - 4 scrolls of enchant armour
 n - 5 scrolls of enchant weapon
 o - 2 scrolls of fear
 M - a scroll of acquirement {unknown}
 O - 2 scrolls of noise {unknown}
 R - a scroll of random uselessness {unknown}
Potions
 g - 5 potions of curing
 h - 3 potions of lignification
 t - 3 potions of flight
 w - 2 potions of haste
 z - a potion of might
 C - 3 potions of brilliance
 E - a potion of stabbing
 F - 2 potions of cancellation
 J - 2 potions of heal wounds {unknown}
 K - 2 potions of invisibility {unknown}
Miscellaneous
 B - a condenser vane (2/2)
 I - a box of beasts (3/3)


   Skills:
 + Level 5.2 Fighting
 + Level 5.2 Short Blades
 + Level 5.2 Long Blades
 + Level 5.2 Axes
 + Level 5.2 Maces & Flails
 + Level 5.2 Polearms
 + Level 5.2 Staves
 + Level 5.2 Slings
 + Level 5.2 Bows
 + Level 5.2 Crossbows
 + Level 5.2 Throwing
 + Level 5.2 Armour
 + Level 7.0 Dodging
 + Level 6.7 Stealth
 + Level 5.2 Shields
 + Level 5.2 Unarmed Combat
 + Level 7.3 Spellcasting
 + Level 4.3 Conjurations
 + Level 4.3 Hexes
 + Level 4.3 Summonings
 + Level 4.3 Necromancy
 + Level 4.3 Translocations
 + Level 4.3 Transmutations
 + Level 4.3 Fire Magic
 + Level 8.4 Ice Magic
 + Level 4.3 Air Magic
 + Level 4.3 Earth Magic
 + Level 4.3 Poison Magic
 + Level 5.7 Invocations
 + Level 5.2 Evocations


You had 8 spell levels left.
You knew the following spells:

 Your Spells              Type           Power        Failure   Level
a - Freeze                Ice            ####         1%          1
b - Frozen Ramparts       Ice            ######       1%          3
c - Ozocubu's Armour      Ice            ######..     1%          3
d - Hailstorm             Conj/Ice       #####...     4%          4
e - Summon Ice Beast      Ice/Summ       #####...     4%          4

Your spell library contained the following spells:

 Spells                   Type           Power        Failure   Level
 Animate Skeleton         Necr           ####..       1%          1
 Apportation              Tloc           ####..       1%          1
 Corona                   Hex            ####...      1%          1
 Pain                     Necr           ####         1%          1
 Summon Small Mammal      Summ           ####         1%          1
 Call Imp                 Summ           ####....     1%          2
 Call Canine Familiar     Summ           ####....     3%          3
 Confusing Touch          Hex            ####....     3%          3
 Gell's Gravitas          Tloc           ####......   3%          3
 Summon Guardian Golem    Hex/Summ       ####....     3%          3
 Vampiric Draining        Necr           ####......   3%          3
 Animate Dead             Necr           ####......   10%         4
 Petrify                  Tmut/Erth      ####....     10%         4
 Summon Lightning Spire   Summ/Air       ####....     10%         4
 Metabolic Englaciation   Hex/Ice        #####.....   12%         5
 Agony                    Necr           ####....     26%         5
 Yara's Violent Unravell  Hex/Tmut       ####......   26%         5


Dungeon Overview and Level Annotations

Branches:
Dungeon (8/15)             Temple (0/1) D:4         Ossuary (visited)
   Lair: D:8-11

Altars:
Dithmenos
Fedhas
Kikubaaqudgha
Sif Muna
Uskayaw
Xom

Shops:
D:4 }

Annotations:
D:7 2 transporters, jfcaron's ghost, novice KoAr


Innate Abilities, Weirdness & Mutations

Your experience applies equally to all skills.
You have very sharp teeth.
Your uncanny sense of smell can sniff out nearby items.


Message History

The hail pelts the death yak!
The death yak is severely wounded.
The hail pelts the death yak.
The death yak is heavily wounded.
Your ice beast is unaffected. x2; The hail pelts the yak!
The yak is heavily wounded.
The wall freezes the death yak.
The death yak closely misses your ice beast.
Your ice beast closely misses the death yak.
The wall freezes the death yak.
Casting: Hailstorm (dangerous; 4% risk of failure)
Confirm with . or Enter, or press ? or * to list all spells.
You don't have enough magic to cast that spell.
The wall freezes the death yak!
Your ice beast barely misses the death yak.
The wall freezes the death yak!
The yak snorts and paws the ground.
Your ice beast barely misses the death yak.
The wall freezes the death yak!
The death yak gores you!!
You die...

#.............(.....
#!..?
#.##'##########.....
+.... #.##.# #.....
###.... ∆#..#.#
###### .......
##.#.# ....... #.#.#
.#..... #.#.###
.......####Y#...####
########
#.....†YY@.......
........
.........Y.Y........
######.
.........Y..........
#.
....................
#.
......#.............
#.
.#.[................
#.
#..................
#.
...................
#. #.


You could see 3 death yaks, a yak and 2 friendly ice beasts.

Vanquished Creatures
  A two-headed ogre (D:8)
  A death yak (D:8)
  Grinder (D:3)
  Sigmund (D:2)
  Eustachio (D:5)
  2 yaks (D:8)
  Menkaure (D:4)
  A phantom (D:8)
  A sky beast (D:3)
  2 ogres
  4 centaurs
  A bullfrog (D:7)
  A gnoll sergeant (D:8)
  2 wights (D:7)
  A howler monkey (D:5)
  A quasit (D:7)
  A hound (D:5)
  2 bullfrog zombies
  An orc priest (D:7)
  An orc wizard (D:8)
  2 bullfrog skeletons
  2 iguanas
  2 worker ants
  3 mummies (Ossuary)
  Robin (D:4)
  5 gnolls (D:8)
  A worker ant zombie (D:5)
  11 adders
  6 shadow imps
  4 white imps
  2 ufetubi
  An ooze (D:3)
  An adder skeleton (D:6)
  2 adder zombies
  3 worms
  4 dart slugs
  5 leopard geckos
  5 orcs
  A bat zombie (D:3)
  3 giant cockroaches
  11 hobgoblins
  2 quokkas
  A ball python (D:2)
  10 bats
  3 frilled lizards
  13 goblins
  A jackal skeleton (D:4)
  A jackal zombie (Ossuary)
  8 kobolds
  An orc zombie (Ossuary)
  A quokka zombie (D:3)
  5 rats
  A rat zombie (D:3)
149 creatures vanquished.

Vanquished Creatures (collateral kills)
  A death yak (D:8)
  A phantom (D:5)
  2 elf zombies (Ossuary)
  3 wights (D:7)
  A centaur zombie (D:7)
  An orc wizard (D:7)
  A hound zombie (Ossuary)
  A mummy (Ossuary)
  A worker ant zombie (D:7)
  An orc (D:7)
  A quokka (D:5)
  2 goblin zombies (Ossuary)
  A hobgoblin zombie (Ossuary)
  A kobold zombie (Ossuary)
  An orc zombie (Ossuary)
  A rat zombie (Ossuary)
20 creatures vanquished.

Grand Total: 169 creatures vanquished

Notes
Turn   | Place    | Note
-------+----------+-------------------------------------------
     0 | D:1      | robertstho the Gnoll Ice Elementalist began the quest for
                  | the Orb.
     0 | D:1      | Reached XP level 1. HP: 13/13 MP: 6/6
   156 | D:1      | Reached XP level 2. HP: 19/19 MP: 1/7
   890 | D:2      | Noticed Sigmund
  1325 | D:2      | Reached skill level 5 in Spellcasting
  1325 | D:2      | Reached XP level 3. HP: 20/25 MP: 4/9
  1330 | D:2      | Learned a level 3 spell: Frozen Ramparts
  1334 | D:2      | Learned a level 3 spell: Ozocubu's Armour
  1765 | D:2      | Reached skill level 1 in Invocations
  1971 | D:2      | Reached skill level 1 in Fighting
  1971 | D:2      | Reached skill level 1 in Short Blades
  1971 | D:2      | Reached skill level 1 in Long Blades
  1971 | D:2      | Reached skill level 1 in Axes
  1971 | D:2      | Reached skill level 1 in Maces & Flails
  1971 | D:2      | Reached skill level 1 in Polearms
  1971 | D:2      | Reached skill level 1 in Staves
  1971 | D:2      | Reached skill level 1 in Slings
  1971 | D:2      | Reached skill level 1 in Bows
  1971 | D:2      | Reached skill level 1 in Crossbows
  1971 | D:2      | Reached skill level 1 in Throwing
  1971 | D:2      | Reached skill level 1 in Armour
  1971 | D:2      | Reached skill level 1 in Shields
  1971 | D:2      | Reached skill level 1 in Unarmed Combat
  1971 | D:2      | Reached skill level 1 in Evocations
  2000 | D:2      | Reached XP level 4. HP: 17/32 MP: 7/11
  2370 | D:2      | Killed Sigmund
  2370 | D:2      | Reached skill level 1 in Conjurations
  2370 | D:2      | Reached skill level 1 in Hexes
  2370 | D:2      | Reached skill level 1 in Summonings
  2370 | D:2      | Reached skill level 1 in Necromancy
  2370 | D:2      | Reached skill level 1 in Translocations
  2370 | D:2      | Reached skill level 1 in Transmutations
  2370 | D:2      | Reached skill level 1 in Fire Magic
  2370 | D:2      | Reached skill level 1 in Air Magic
  2370 | D:2      | Reached skill level 1 in Earth Magic
  2370 | D:2      | Reached skill level 1 in Poison Magic
  2370 | D:2      | Reached XP level 5. HP: 16/38 MP: 8/12
  2370 | D:2      | Reached XP level 6. HP: 18/44 MP: 8/13
  2820 | D:3      | Found a shadowy altar of Dithmenos.
  3313 | D:3      | Found an ancient bone altar of Kikubaaqudgha.
  3439 | D:3      | Noticed a sky beast
  3456 | D:3      | Killed a sky beast
  3456 | D:3      | Reached skill level 5 in Dodging
  3501 | D:3      | Noticed Grinder
  3503 | D:3      | Paralysed by Grinder for 6 turns
  3517 | D:3      | Found a shimmering blue altar of Sif Muna.
  3538 | D:4      | Learned a level 4 spell: Hailstorm
  3543 | D:4      | Learned a level 4 spell: Summon Ice Beast
  3654 | D:3      | Killed Grinder
  3654 | D:3      | Reached XP level 7. HP: 48/51 MP: 0/15
  3668 | D:3      | Became a worshipper of Sif Muna the Loreminder
  3951 | D:4      | Noticed Robin
  3961 | D:4      | Killed Robin
  4302 | D:4      | Found Miuschod's Gadget Shop.
  4314 | D:4      | Found a staircase to the Ecumenical Temple.
  4362 | D:4      | Noticed Menkaure
  4368 | D:4      | Killed Menkaure
  4368 | D:4      | Reached skill level 5 in Stealth
  4669 | D:5      | Entered Level 5 of the Dungeon
  4882 | D:5      | Reached XP level 8. HP: 53/57 MP: 12/16
  4931 | D:5      | Noticed Eustachio
  4942 | D:5      | Killed Eustachio
  5216 | D:5      | Reached * piety under Sif Muna
  5804 | D:6      | Found a sand-covered staircase.
  5813 | Ossuary  | Entered an ossuary
  6975 | D:7      | Reached XP level 9. HP: 48/65 MP: 10/18
  7227 | D:7      | Found a shimmering altar of Xom.
  7238 | D:7      | Noticed a moth of wrath
  7244 | D:7      | Found a transporter.
  7245 | D:7      | Noticed jfcaron's ghost (novice KoAr)
  7306 | D:7      | Found a transporter.
  7406 | D:7      | Found a blossoming altar of Fedhas.
  7913 | D:7      | Got a fabulously ornate robe
  7923 | D:7      | Identified the cursed +0 robe of Cuix Xiru {+Inv rF++ rCorr
                  | Dex-2} (You found it on level 7 of the Dungeon)
  8211 | D:8      | Noticed a two-headed ogre
  8218 | D:8      | Killed a two-headed ogre
  8218 | D:8      | Reached skill level 8 in Ice Magic
  8218 | D:8      | Reached skill level 5 in Invocations
  8511 | D:8      | Reached ** piety under Sif Muna
  8664 | D:8      | Found a hide-covered altar of Uskayaw.
  8889 | D:8      | Noticed a death yak
  8894 | D:8      | Noticed a death yak
  8901 | D:8      | Noticed a death yak
  8902 | D:8      | Noticed a death yak
  8902 | D:8      | Killed a death yak
  8902 | D:8      | Reached skill level 5 in Fighting
  8902 | D:8      | Reached skill level 5 in Short Blades
  8902 | D:8      | Reached skill level 5 in Long Blades
  8902 | D:8      | Reached skill level 5 in Axes
  8902 | D:8      | Reached skill level 5 in Maces & Flails
  8902 | D:8      | Reached skill level 5 in Polearms
  8902 | D:8      | Reached skill level 5 in Staves
  8902 | D:8      | Reached skill level 5 in Slings
  8902 | D:8      | Reached skill level 5 in Bows
  8902 | D:8      | Reached skill level 5 in Crossbows
  8902 | D:8      | Reached skill level 5 in Throwing
  8902 | D:8      | Reached skill level 5 in Armour
  8902 | D:8      | Reached skill level 5 in Shields
  8902 | D:8      | Reached skill level 5 in Unarmed Combat
  8902 | D:8      | Reached skill level 5 in Evocations
  8902 | D:8      | Reached XP level 10. HP: 43/74 MP: 5/20
  8905 | D:8      | Noticed a death yak
  8909 | D:8      | Killed a death yak
  8919 | D:8      | Slain by a death yak

Illustrated notes

Levels and vault maps discovered:
D:1:      tarquinn_simple_flora_water_f, layout_basic
D:2:      minmay_thinvault, layout_basic, uniq_sigmund
D:3:      layout_loops_cross, nicolae_dithmenos_shadow_blocks,
          lemuel_doored_altar, lemuel_zombie_altar_kikubaaqudgha, uniq_grinder
D:4:      layout_gridville, minmay_temple_entry_statues_pillars, serial_shops,
          nicolae_shop_stone, uniq_robin, uniq_menkaure
D:5:      minmay_chambers_of_threes, layout_basic, uniq_eustachio
D:6:      layout_gridville, nicolae_ossuary_entry_monument
D:7:      layout_basic, xom_teletrap_fun, fedhas_altar_4,
          gammafunk_ghost_berserking_beasts
D:8:      layout_basic, nicolae_overflow_crystal_walls,
          lemuel_coloured_pillars_altar, dpeg_lair_monsters, uniq_psyche

Skill      XL: |  1  2  3  4  5  6  7  8  9 10 |
---------------+-------------------------------+-----
Spellcasting   | 5 6 7 |  7.3
Invocations    | 1 2 3 4 5 |  5.7
Fighting       | 1 2 3 5 |  5.2
Short Blades   | 1 2 3 5 |  5.2
Long Blades    | 1 2 3 5 |  5.2
Axes           | 1 2 3 5 |  5.2
Maces & Flails | 1 2 3 5 |  5.2
Polearms       | 1 2 3 5 |  5.2
Staves         | 1 2 3 5 |  5.2
Slings         | 1 2 3 5 |  5.2
Bows           | 1 2 3 5 |  5.2
Crossbows      | 1 2 3 5 |  5.2
Throwing       | 1 2 3 5 |  5.2
Armour         | 1 2 3 5 |  5.2
Shields        | 1 2 3 5 |  5.2
Unarmed Combat | 1 2 3 5 |  5.2
Evocations     | 1 2 3 5 |  5.2
Conjurations   | 1 2 3 4 |  4.3
Hexes          | 1 2 3 4 |  4.3
Summonings     | 1 2 3 4 |  4.3
Necromancy     | 1 2 3 4 |  4.3
Translocations | 1 2 3 4 |  4.3
Transmutations | 1 2 3 4 |  4.3
Fire Magic     | 1 2 3 4 |  4.3
Air Magic      | 1 2 3 4 |  4.3
Earth Magic    | 1 2 3 4 |  4.3
Poison Magic   | 1 2 3 4 |  4.3
Dodging        | 5 6 7 |  7.0
Stealth        | 5 6 |  6.7
Ice Magic      | 8 |  8.4

Action                   |  1- 3 |  4- 6 |  7- 9 | 10-12 || total
-------------------------+-------+-------+-------+-------++-------
Melee: Unarmed           |    32 |       |       |       ||    32
       Bite              |     8 |     5 |    31 |     4 ||    48
       Dagger            |    41 |    52 |   204 |    10 ||   307
       Punch             |       |       |     8 |     2 ||    10
 Cast: Freeze            |    20 |       |       |       ||    20
       Frozen Ramparts   |     3 |    12 |    23 |     1 ||    39
       Hailstorm         |       |     2 |     2 |     1 ||     5
       Summon Ice Beast  |       |     1 |    27 |     2 ||    30
Invok: Channel Magic     |       |       |     3 |     1 ||     4
  Use: Scroll            |     5 |     3 |     9 |       ||    17
 Stab: Sleeping          |     4 |     6 |    16 |       ||    26
       Distracted        |       |       |     2 |       ||     2
Armor: Robe              |    18 |    19 |    12 |       ||    49
       Leather armour    |       |       |    30 |       ||    30
Dodge: Dodged            |    71 |    51 |   167 |     4 ||   293

Table legend: (Time is in decaauts)
 A = Elapsed time spent in this place.
 B = Non-inter-level travel time spent in this place.
 C = Inter-level travel time spent in this place.
 D = Time resting spent in this place.
 E = Time spent auto-exploring this place.
 F = Levels seen in this place.
 G = Mean time per level.
                   A        B        C        D        E       F      G
               +--------+--------+--------+--------+--------+-----+--------+
         Total |   8866 |   8651 |    215 |    654 |   6519 |   9 |  985.1 |
       Dungeon |   8307 |   8092 |    215 |    468 |   6290 |   8 | 1038.4 |
       Ossuary |    559 |    559 |      0 |    186 |    229 |   1 |  559.0 |
               +--------+--------+--------+--------+--------+-----+--------+

Top non-repeatable levels by time:
     D:2: 2004 daAuts
     D:7: 1146 daAuts
     D:3: 1027 daAuts
     D:5: 891 daAuts
     D:4: 863 daAuts
     D:6: 825 daAuts
     D:8: 788 daAuts
     D:1: 760 daAuts
 Ossuary: 559 daAuts
